 Dungeon Crawl Stone Soup version 0.29-a0-356-g7bc237e783 (webtiles) character file.

Game seed: 3652661180494668799

79 spaghetti the Bolt Thrower (level 4, 29/40 HPs)
             Began as a Deep Dwarf Hunter on Apr 26, 2022.
             Quit the game on level 2 of the Dungeon.
             The game lasted 00:02:16 (953 turns).

spaghetti the Bolt Thrower (Deep Dwarf Hunter)       Turns: 953, Time: 00:02:16

Health: 29/40      AC:  3    Str: 14    XL:     4   Next: 17%
Magic:  3/3        EV: 13    Int: 10    God:
Gold:   93         SH:  0    Dex: 18    Spells: 3/3 levels left

rFire   + . .      SeeInvis .   a - +1 hand crossbow {crossbow}
rCold   + . .      Faith    .   (no shield)
rNeg    . . .      Spirit   .   l - +0 leather armour
rPois   +          Reflect  .   (no helmet)
rElec   +          Harm     .   (no cloak)
rCorr   +          Rampage  .   (no gloves)
Will    .....                   (no boots)
Stlth   ++........              (no amulet)
HPRegen 0.00/turn               (no ring)
MPRegen 0.08/turn               (no ring)

@: resistant, hasted, very quick
A: damage resistance, heal wounds, sense surroundings 1, no regeneration
a: Heal Wounds


You were on level 2 of the Dungeon.
You visited 1 branch of the dungeon, and saw 2 of its levels.

You collected 93 gold pieces.


Innate Abilities, Weirdness & Mutations

You are resistant to damage.
You can heal yourself by infusing magical energy.
You passively map a small area around you.
You do not regenerate.


   Skills:
 + Level 2.3 Fighting
 * Level 5.2 Crossbows
 + Level 2.9 Dodging
 + Level 2.6 Stealth


You had 3 spell levels left.
You didn't know any spells.
Your spell library contained the following spells:

 Spells                   Type           Power      Damage    Failure   Level
 Ignite Poison            Fire/Tmut/Pois 0%         N/A       82%         3
 Mephitic Cloud           Conj/Pois/Air  0%         N/A       82%         3
 Freezing Cloud           Conj/Ice/Air   0%         6-21      100%        5

Inventory:

Hand Weapons
 a - a +1 hand crossbow (weapon) {crossbow}
 b - a +0 whip of venom {mace}
   (You found it on level 2 of the Dungeon)
Missiles
 e - 78 stones {throwing}
Armour
 l - a +0 leather armour (worn)
Scrolls
 c - a scroll of immolation {!r!r}
 f - 2 scrolls of identify {unknown}
 g - a scroll of fear {unknown}
 h - a scroll of acquirement {unknown}
 i - a scroll of blinking {unknown}
 k - a scroll of amnesia {unknown}

Dungeon Overview and Level Annotations

Branches:
Dungeon (2/15)

Altars:
Ru

Shops:
D:1 [   D:2 (

Annotations:
D:2 Sigmund

######## #.......
#.###### ###.#### #
###......# # #.########
##.#.#.##.# #
*......{@.###....#.##.###
#.######.##.............
* #........#....... *
#####..###.#..### #[
#..###.#..### #.
#............ #.##
##'###.#.###. #..#
##...##....... #>##
##.....###.###.


There were no monsters in sight!


Message History

😎 HP[+5]
Your hp is fully restored (40).
Unknown command.
You hit something but do no damage. You closely miss something.
Something hits you! 😕 HP[-9]
You take 9 damage, and now have 31/40 hp.
MASSIVE DAMAGE!! (PAUSE)
You closely miss something. You closely miss something.
Something barely misses you.
You hit something. You barely miss something. Something hits you! 😮 HP[-7]
You take 7 damage, and now have 24/40 hp.
You closely miss something.
Unknown command.
You barely miss something. Something hits you.
You miss something. You barely miss something. Something barely misses you.
You miss something. You barely miss something. Something hits you!
* * * LOW HITPOINT WARNING * * *
😨 HP[-6]
You take 6 damage, and now have 18/40 hp.
You closely miss something. You miss something. Something hits you!
* * * LOW HITPOINT WARNING * * *
😱 HP[-11]
You take 11 damage, and now have 7/40 hp.
MASSIVE DAMAGE!! (PAUSE)
You feel much better. 😕 HP[+28]
You regained 28 hp, and now have 35/40 hp.
Unknown command.
Your +0 whip of venom {mace} stops dripping with poison.
a - a +1 hand crossbow (weapon)
{crossbow} Shoot: a) +1 hand crossbow {crossbow}
Press: ? - help, Q - select action, (/) - cycle Shift-Dir - straight line You shoot a bolt.
You hear some strange, mumbled words.
You are confused.
Non-targeted confused shoot: a) +1 hand crossbow {crossbow}
Press: ? - help, Q - select action, (/) - cycle Dir - look around, f - activate You shoot a bolt.
Something hits you. 😕 HP[-2]
You take 2 damage, and now have 33/40 hp.
Non-targeted confused shoot: a) +1 hand crossbow {crossbow}
Press: ? - help, Q - select action, (/) - cycle Dir - look around, f - activate You shoot a bolt.
Non-targeted confused shoot: a) +1 hand crossbow {crossbow}
Press: ? - help, Q - select action, (/) - cycle Dir - look around, f - activate You shoot a bolt.
Something hits you! 😮 HP[-4]
You take 4 damage, and now have 29/40 hp.
Non-targeted confused shoot: a) +1 hand crossbow {crossbow}
Press: ? - help, Q - select action, (/) - cycle Dir - look around, f - activate You shoot a bolt.
Non-targeted confused shoot: a) +1 hand crossbow {crossbow}
Press: ? - help, Q - select action, (/) - cycle Dir - look around, f - activate You shoot a bolt.
You hear some strange, mumbled words.
A magic dart appears from out of thin air!
The magic dart hits you. 😮 HP[-4]
You take 4 damage, and now have 25/40 hp.
Non-targeted confused shoot: a) +1 hand crossbow {crossbow}
Press: ? - help, Q - select action, (/) - cycle Dir - look around, f - activate You shoot a bolt.
You feel less confused. Something barely misses you.
Shoot: a) +1 hand crossbow {crossbow}
Press: ? - help, Q - select action, (/) - cycle Shift-Dir - straight line You shoot a bolt.
Shoot: a) +1 hand crossbow {crossbow}
Press: ? - help, Q - select action, (/) - cycle Shift-Dir - straight line You shoot a bolt.
Something hits you!
* * * LOW HITPOINT WARNING * * *
😨 HP[-7]
You take 7 damage, and now have 18/40 hp.
Shoot: a) +1 hand crossbow {crossbow}
Press: ? - help, Q - select action, (/) - cycle Shift-Dir - straight line You shoot a bolt.
Something hits you!
* * * LOW HITPOINT WARNING * * *
😨 HP[-7]
You take 7 damage, and now have 11/40 hp.
Shoot: a) +1 hand crossbow {crossbow}
Press: ? - help, Q - select action, (/) - cycle Shift-Dir - straight line You shoot a bolt.
Your magical essence is drained by the effort!
You feel much better.
You hear some strange, mumbled words.
A magic dart appears from out of thin air!
The magic dart hits you. 😮 HP[+18] MP[-1]
You regained 18 hp, and now have 29/40 hp.
Are you sure you want to abandon this character and quit the game? (Confirm with "yes".)

Skill      XL: |  1  2  3 |
---------------+----------+-----
Fighting       | 2 |  2.3
Stealth        | 2 |  2.6
Crossbows      | 5 |  5.2
Dodging        | |  2.9

Action                   |  1- 3 |  4- 6 || total
-------------------------+-------+-------++-------
Melee: Whip              |       |    14 ||    14
 Fire: Hand crossbow     |   104 |    19 ||   123
 Abil: Heal Wounds       |       |     2 ||     2
  Use: Potion            |       |     3 ||     3
Armor: Leather armour    |    11 |       ||    11
Dodge: Dodged            |    16 |     4 ||    20

Levels and vault maps discovered:
D:1:      minmay_arrival_glassed_features, layout_basic, serial_shops, shop
D:2:      layout_loops_corners, basic_altar, serial_shops,
          nicolae_shop_hallway_stairs, uniq_sigmund

Notes
Turn   | Place    | Note
-------+----------+-------------------------------------------
     0 | D:1      | spaghetti the Deep Dwarf Hunter began the quest for the
                  | Orb.
     0 | D:1      | Reached XP level 1. HP: 19/19 MP: 1/1
     0 | D:1      | magus.rc [v1.9.6]
    47 | D:1      | Reached XP level 2. HP: 26/26 MP: 2/2
    76 | D:1      | Reached skill level 2 in Fighting
   116 | D:1      | Reached skill level 2 in Stealth
   144 | D:1      | You add the spells Ignite Poison, Mephitic Cloud and
                  | Freezing Cloud to your library.
   161 | D:1      | Reached XP level 3. HP: 32/32 MP: 3/3
   211 | D:1      | Reached skill level 5 in Crossbows
   331 | D:1      | Found Liveihi's Antique Armour Shop.
   435 | D:2      | Found Fuyniu's Antique Weapon Shoppe.
   728 | D:2      | Found a sacrificial altar of Ru.
   797 | D:2      | Reached XP level 4. HP: 39/39 MP: 4/4
   915 | D:2      | Noticed Sigmund
   938 | D:2      | HP: 7/40 [something (11)]
   953 | D:2      | Quit the game

Vanquished Creatures
  2 adders (D:2)
  3 dart slugs (D:1)
  7 ball pythons
  5 endoplasms
  2 giant cockroaches (D:1)
  4 goblins (D:1)
  A hobgoblin (D:1)
  7 jackals (D:1)
  2 kobolds (D:1)
  3 quokkas
  6 bats
  2 frilled lizards (D:1)
  2 rats (D:1)
46 creatures vanquished.

Table legend:
 A = Non-vault XP
 B = Vault XP
 C = Vault XP percentage of total XP
 D = Non-vault monster count
 E = Vault monster count
 F = Vault count percentage of total count
                 A         B        C        D         E       F
            +---------+---------+-------+---------+---------+-------
      Total |     114 |       0 |   0.0 |      46 |       0 |   0.0
            +---------+---------+-------+---------+---------+-------
        D:1 |      78 |       0 |   0.0 |      39 |       0 |   0.0
        D:2 |      36 |       0 |   0.0 |       7 |       0 |   0.0
            +---------+---------+-------+---------+---------+-------

Illustrated notes

Table legend:
 A = Kills in this place as a percentage of kills in entire the game.
 B = Kills by you in this place as a percentage of kills by you in the entire game.
 C = Kills by friends in this place as a percentage of kills by friends in the entire game.
 D = Other kills in this place as a percentage of other kills in the entire game.
 E = Experience gained in this place as a percentage of experience gained in the entire game.
 F = Experience gained in this place divided by the number of levels of this place that you have seen.
                   A       B       C       D       E      F
               +-------+-------+-------+-------+-------+----------------------
         Total | 100.0 | 100.0 |   N/A |   N/A | 100.0 |  57.0
       Dungeon | 100.0 | 100.0 |   N/A |   N/A | 100.0 |  57.0
               +-------+-------+-------+-------+-------+----------------------

Table legend: (Time is in decaauts)
 A = Elapsed time spent in this place.
 B = Non-inter-level travel time spent in this place.
 C = Inter-level travel time spent in this place.
 D = Time resting spent in this place.
 E = Time spent auto-exploring this place.
 F = Levels seen in this place.
 G = Mean time per level.
                   A        B        C        D        E       F      G
               +--------+--------+--------+--------+--------+-----+--------+
         Total |    976 |    970 |      6 |      0 |    743 |   2 |  488.0 |
       Dungeon |    976 |    970 |      6 |      0 |    743 |   2 |  488.0 |
               +--------+--------+--------+--------+--------+-----+--------+

Top non-repeatable levels by time:
     D:2: 513 daAuts
     D:1: 462 daAuts
